 Dungeon Crawl Stone Soup version 0.29-a0-283-ga02f740833 (webtiles) character file.

Game seed: 3439537458075324742

418 chopper the Chopper (level 6, 0/84 HPs)
             Began as a Hill Orc Fighter on Mar 14, 2022.
             Slain by an orc
             ... wielding a +0 hand axe
              (4 damage)
             ... on level 4 of the Dungeon.
             The game lasted 00:25:56 (3932 turns).

chopper the Chopper (Hill Orc Fighter)              Turns: 3932, Time: 00:25:56

Health: 0/84       AC: 23    Str: 19    XL:     6   Next: 93%
Magic:  6/6        EV:  2    Int:  8    God:
Gold:   161        SH:  5    Dex: 12    Spells: 5/5 levels left

rFire   . . .      SeeInvis .   a - +0 war axe
rCold   . . .      Faith    .   c - +0 buckler
rNeg    . . .      Spirit   .   (body armour currently unavailable)
rPois   +          Reflect  .   (helmet currently unavailable)
rElec   .          Harm     .   (cloak currently unavailable)
rCorr   .          Rampage  .   (gloves currently unavailable)
Will    .....      NoTele   +   (boots currently unavailable)
Stlth   +.........              (no amulet)
HPRegen 0.24/turn               (no ring)
MPRegen 0.10/turn               (no ring)

@: tree-form (expiring)
A: stationary, stasis, torment immunity, boosted hp
a: Convert to Beogh


You were on level 4 of the Dungeon.
You were a tree.
You visited 1 branch of the dungeon, and saw 4 of its levels.

You collected 161 gold pieces.

Inventory:

Hand Weapons
 a - a +0 war axe (weapon)
 e - a +1 dagger of distortion
Armour
 b - a +0 cloak (melded)
 c - a +0 buckler (worn)
 i - a +0 chain mail (melded)
Jewellery
 f - a ring of ice
 h - an amulet of the acrobat
Scrolls
 g - a scroll of identify
 l - a scroll of blinking
Potions
 d - 2 potions of might
 j - a potion of curing


   Skills:
 + Level 5.0 Fighting
 + Level 6.2 Axes
 + Level 5.2 Armour
 + Level 1.1 Dodging
 + Level 0.2 Stealth
 + Level 3.8 Shields


You had 5 spell levels left.
You didn't know any spells.
Your spell library contained the following spells:

 Spells                   Type           Power      Damage    Failure   Level
 Blink                    Tloc           0%         N/A       63%         2
 Call Canine Familiar     Summ           0%         N/A       86%         3
 Conjure Flame            Conj/Fire      0%         6-21      86%         3
 Ignite Poison            Fire/Tmut/Pois 0%         N/A       86%         3
 Lesser Beckoning         Tloc           0%         N/A       86%         3
 Portal Projectile        Hex/Tloc       0%         N/A       86%         3
 Leda's Liquefaction      Hex/Erth       0%         N/A       99%         4
 Sticky Flame             Conj/Fire      0%         2d3       99%         4
 Manifold Assault         Tloc           0%         N/A       100%        5


Dungeon Overview and Level Annotations

Branches:
Dungeon (4/15)
 Temple: D:4-7

Altars:
Hepliaklqana


Message History

The orc priest begins to cast a cantrip, but forgets the words!
The orc hits you but does no damage. The orc hits you but does no damage.
An orc comes into view. It is wielding a +0 whip.
The orc hits you with a +0 hand axe.
* * * LOW HITPOINT WARNING * * *
The orc shouts!
The orc hits you but does no damage. The orc hits you but does no damage.
The orc priest mumbles some strange prayers to Beogh against you.
Beogh smites you!
* * * LOW HITPOINT WARNING * * *
The orc hits you but does no damage. The orc hits you but does no damage.
The orc hits you but does no damage. The orc hits you but does no damage.
You cannot move.
You cannot move.
You cannot move.
The orc hits you with a +0 hand axe.
* * * LOW HITPOINT WARNING * * *
The orc hits you but does no damage.
The orc priest miscasts a cantrip.
The orc hits you but does no damage. The orc hits you but does no damage.
The orc hits you but does no damage. You block the orc's attack.
You block the orc's attack. The orc barely misses you.
Your transformation is almost over.
The orc hits you with a +0 hand axe.
* * * LOW HITPOINT WARNING * * *
The orc hits you but does no damage. You block the orc's attack.
The orc hits you but does no damage. The orc barely misses you.
The orc hits you but does no damage.
The orc priest miscasts a cantrip.
The orc hits you with a +0 hand axe.
You die...

#...o.# #.#.# #
#....o# #.#.# #.#
#.#o# #.#.# ...#
#.#.# #.#.####...#.
#...###)#.#........
#....)o..ooo#
#######o..oo#
#####o# #♣# #.# #.#
#.#######.#
#.........#
###.####.## #.# #.#
########.####.#


You could see an orc priest and 5 orcs.

Vanquished Creatures
  A phantom (D:4)
  A necrophage (D:3)
  A scorpion (D:4)
  An orc priest (D:2)
  An orc wizard (D:2)
  4 gnolls (D:3)
  5 adders
  2 worms
  7 orcs
  8 ball pythons
  7 endoplasms
  A giant cockroach (D:3)
  7 goblins
  6 hobgoblins
  4 jackals (D:1)
  3 quokkas
  7 bats
  3 frilled lizards
  3 kobolds
  3 rats
75 creatures vanquished.

Vanquished Creatures (others)
  3 fungi (D:1)
  A plant (D:1)
4 creatures vanquished.

Grand Total: 79 creatures vanquished

Notes
Turn   | Place    | Note
-------+----------+-------------------------------------------
     0 | D:1      | chopper the Hill Orc Fighter began the quest for the Orb.
     0 | D:1      | Reached XP level 1. HP: 19/19 MP: 1/1
   127 | D:1      | Reached XP level 2. HP: 9/27 MP: 2/2
   129 | D:1      | Reached skill level 3 in Axes
   603 | D:1      | Reached XP level 3. HP: 32/33 MP: 3/3
   712 | D:1      | Found a faded altar of an unknown god.
   975 | D:2      | Found a hazy altar of Hepliaklqana.
  1131 | D:2      | Reached XP level 4. HP: 32/40 MP: 4/4
  1508 | D:2      | Reached skill level 4 in Axes
  1882 | D:2      | Reached XP level 5. HP: 16/47 MP: 5/5
  2492 | D:3      | Reached skill level 5 in Axes
  3082 | D:3      | Reached skill level 1 in Dodging
  3082 | D:3      | Reached XP level 6. HP: 35/53 MP: 6/6
  3748 | D:4      | Reached skill level 5 in Armour
  3823 | D:4      | Reached skill level 5 in Fighting
  3823 | D:4      | Reached skill level 6 in Axes
  3914 | D:4      | HP: 4/84 [orc priest/divine providence (14)]
  3926 | D:4      | HP: 3/84 [orc/+0 hand axe (3)]
  3932 | D:4      | Slain by an orc

Illustrated notes

Levels and vault maps discovered:
D:1:      lemuel_arrival_behind_the_door_large, layout_loops_ring,
          shapermc_ecumenical_altar_petra
D:2:      layout_basic, basic_altar, minmay_splitting_lines,
          minmay_crystal_water
D:3:      layout_rooms
D:4:      layout_loops_ring

Skill      XL: |  1  2  3  4  5  6 |
---------------+-------------------+-----
Axes           | 3 4 5 6 |  6.2
Fighting       | 4 5 |  5.0
Armour         | 4 5 |  5.2
Dodging        | 1 |  1.1
Stealth        | |  0.2
Shields        | |  3.8

Action                   |  1- 3 |  4- 6 || total
-------------------------+-------+-------++-------
Melee: War axe           |    70 |   154 ||   224
  Use: Scroll            |     3 |     2 ||     5
       Potion            |     2 |     4 ||     6
Armor: Scale mail        |    42 |    46 ||    88
       Chain mail        |       |    78 ||    78
       Skin              |       |    27 ||    27
Dodge: Dodged            |    53 |    95 ||   148
Block: Buckler           |    21 |    38 ||    59

Table legend: (Time is in decaauts)
 A = Elapsed time spent in this place.
 B = Non-inter-level travel time spent in this place.
 C = Inter-level travel time spent in this place.
 D = Time resting spent in this place.
 E = Time spent auto-exploring this place.
 F = Levels seen in this place.
 G = Mean time per level.
                   A        B        C        D        E       F      G
               +--------+--------+--------+--------+--------+-----+--------+
         Total |   4007 |   4007 |      0 |    717 |      0 |   4 | 1001.8 |
       Dungeon |   4007 |   4007 |      0 |    717 |      0 |   4 | 1001.8 |
               +--------+--------+--------+--------+--------+-----+--------+

Top non-repeatable levels by time:
     D:2: 1520 daAuts
     D:1: 952 daAuts
     D:3: 863 daAuts
     D:4: 671 daAuts
